 Dungeon Crawl Stone Soup version 0.26-a0-599-gc8f6553d2c (webtiles) character file.

Game seed: 12379273198337125485

129 ANON1729 the Ducker (level 5, -5/37 HPs)
             Began as an Octopode Fighter on Aug 29, 2020.
             Slain by a river rat (7 damage)
             ... in a sewer.
             The game lasted 00:02:20 (1455 turns).

ANON1729 the Ducker (Octopode Fighter)              Turns: 1455, Time: 00:02:20

Health: -5/37      AC:  1    Str: 16    XL:     5   Next: 12%
Magic:  5/5        EV: 12    Int: 10    God:
Gold:   72         SH:  9    Dex: 12    Spells: 4/4 levels left

rFire    . . .     SeeInvis .   a - +0 long sword
rCold    . . .     Faith    .   b - +0 kite shield
rNeg     . . .     Spirit   .   (helmet restricted)
rPois    .         Reflect  .   (no amulet)
rElec    .         Harm     .   (no ring)
rCorr    .                      (no ring)
MR       .....                  (no ring)
Stlth    ++++......             (no ring)
HPRegen  0.12/turn              (no ring)
MPRegen  0.09/turn              (no ring)
                                (no ring)
                                (no ring)

@: no status effects
A: almost no armour, stealthy swim, amphibious, 8 rings, constrict 8, camouflage
1, gelatinous body 1
a: no special abilities


You were in a sewer.
You visited 1 branch of the dungeon, and saw 3 of its levels.
You also visited: Sewer.

You collected 72 gold pieces.

Inventory:

Hand Weapons
 a - a +0 long sword (weapon)
Armour
 b - a +0 kite shield (worn)
Jewellery
 e - an uncursed ring of protection from fire {unknown}
 k - an uncursed amulet of magic regeneration {unknown}
Scrolls
 d - 5 scrolls of identify {unknown}
 f - a scroll of fear {unknown}
 g - a scroll of random uselessness {unknown}
 h - a scroll of immolation {unknown}
 j - a scroll of enchant weapon {unknown}
 m - a scroll of amnesia {unknown}
 n - a scroll of remove curse {unknown}
Potions
 c - a potion of might
 i - a potion of flight {unknown}
 l - a potion of lignification {unknown}
 o - a potion of cancellation


   Skills:
 + Level 3.6 Fighting
 + Level 2.9 Long Blades
 + Level 3.6 Dodging
 + Level 2.7 Stealth
 + Level 3.6 Shields


You had 4 spell levels left.
You didn't know any spells.
Your spell library was empty.

Dungeon Overview and Level Annotations

Branches:
Dungeon (3/15)              Sewer (1/1)

Altars:
Okawaru


Innate Abilities, Weirdness & Mutations

You cannot wear most types of armour.
You are very stealthy in the water. (Stealth+)
You are amphibious.
You can wear up to eight rings at the same time.
You can use your tentacles to constrict eight enemies at once.
Your skin changes colour to match your surroundings (Stealth+).
Your rubbery body absorbs attacks. (AC +1, EV +1)


Message History

You are too injured to fight recklessly!
You are too injured to fight recklessly!
A ball python comes into view.
You block the river rat's attack.
A ball python comes into view.
Unknown command.
You closely miss the river rat. Your grab misses the river rat.
You squeeze the river rat!
You kill the river rat!
The river rat bites you!
* * * LOW HITPOINT WARNING * * *
You closely miss the river rat. Your grab misses the river rat.
The river rat barely misses you. You block the river rat's attack.
You barely miss the river rat. Your grab misses the river rat.
The ball python hisses angrily.
The river rat bites you!
* * * LOW HITPOINT WARNING * * *
It was a potion of cancellation.
You feel magically purged. The river rat bites you!
You die...

#....≈≈≈≈≈≈≈≈#
#†...≈≈≈≈≈≈≈≈#
#....≈≈≈≈≈≈≈# .
#....≈≈≈≈≈≈# ..
##...≈≈≈≈≈≈#...
####...≈≈≈≈≈≈≈...
#∩###..≈≈≈≈≈≈≈...
#.###..≈r≈≈≈≈≈...
#..#...≈≈@≈S≈≈.#
##.....≈≈≈≈≈≈≈.#
#.....≈≈≈≈≈≈≈..#
##....≈≈≈≈≈≈....
##.....≈≈≈≈≈....
##.......≈≈≈≈....
##........≈≈≈≈...S
#..#......≈≈≈≈....
#.###.....≈≈


You could see a river rat and 2 ball pythons.

Vanquished Creatures
  2 adders (D:3)
  3 river rats
  2 oozes
  4 worms
  9 bats
  6 goblins
  4 hobgoblins
  10 jackals
  2 quokkas
  2 ball pythons
  5 frilled lizards
  7 kobolds
  5 rats
61 creatures vanquished.

Vanquished Creatures (others)
  4 plants (D:1)
4 creatures vanquished.

Grand Total: 65 creatures vanquished

Notes
Turn   | Place    | Note
-------+----------+-------------------------------------------
     0 | D:1      | ANON1729 the Octopode Fighter began the quest for the Orb.
     0 | D:1      | Reached XP level 1. HP: 16/16 MP: 1/1
    82 | D:1      | Reached XP level 2. HP: 3/21 MP: 2/2
    83 | D:1      | Reached skill level 1 in Stealth
   495 | D:1      | Reached XP level 3. HP: 24/26 MP: 3/3
   837 | D:2      | Found an iron altar of Okawaru.
  1020 | D:2      | Reached XP level 4. HP: 26/31 MP: 4/4
  1269 | D:3      | Found a glowing drain.
  1424 | Sewer    | Entered a sewer
  1444 | Sewer    | Reached XP level 5. HP: 27/36 MP: 5/5
  1454 | Sewer    | HP: 1/37 [river rat (8)]
  1455 | Sewer    | Slain by a river rat

Illustrated notes

Levels and vault maps discovered:
D:1:      ncdulo_halloftheorcs, layout_loops_ring, serial_bayou_lagoon_a
D:2:      layout_rooms, kennysheep_okawaru_gauntlet
D:3:      minmay_chambers_of_threes, layout_rooms, cheibrodos_sewer_entry_sluice
Sewer:    sewer_minmay_treatment

Skill      XL: |  1  2  3 |
---------------+----------+-----
Stealth        | 1 2 |  2.7
Fighting       | |  3.6
Long Blades    | |  2.9
Dodging        | |  3.6
Shields        | |  3.6

Action                   |  1- 3 |  4- 6 || total
-------------------------+-------+-------++-------
Melee: Long sword        |    75 |    36 ||   111
       Tentacles         |    15 |    10 ||    25
       Constrict         |    25 |    12 ||    37
  Use: Potion            |       |     1 ||     1
 Stab: Sleeping          |     9 |     3 ||    12
Armor: Skin              |     4 |     4 ||     8
Dodge: Dodged            |    32 |    24 ||    56
Block: Kite shield       |    33 |    15 ||    48
       Rpst.: Long sword |     9 |     4 ||    13

Table legend: (Time is in decaauts)
 A = Elapsed time spent in this place.
 B = Non-inter-level travel time spent in this place.
 C = Inter-level travel time spent in this place.
 D = Time resting spent in this place.
 E = Time spent auto-exploring this place.
 F = Levels seen in this place.
 G = Mean time per level.
                   A        B        C        D        E       F      G
               +--------+--------+--------+--------+--------+-----+--------+
         Total |   1494 |   1452 |     42 |    408 |    664 |   4 |  373.5 |
       Dungeon |   1461 |   1419 |     42 |    408 |    652 |   3 |  487.0 |
         Sewer |     32 |     32 |      0 |      0 |     12 |   1 |   32.0 |
               +--------+--------+--------+--------+--------+-----+--------+

Top non-repeatable levels by time:
     D:1: 795 daAuts
     D:2: 462 daAuts
     D:3: 204 daAuts
   Sewer: 32 daAuts
